 Dungeon Crawl Stone Soup version 0.24-a0-762-gca426f56c8 (webtiles) character file.

Game seed: 12288693173592285925, levelgen mode: deterministic

44 Arixos the Scratcher (level 3, 0/15 HPs)
             Began as a Felid Transmuter on Oct 2, 2019.
             Slain by a worm (11 damage)
             ... on level 2 of the Dungeon.
             The game lasted 00:06:09 (1933 turns).

Arixos the Scratcher (Felid Transmuter)             Turns: 1933, Time: 00:06:10

Health: 0/15       AC:  2    Str:  7    XL:     3   Next: 41%
Magic:  2/7        EV: 22    Int: 14    God:
Gold:   39         SH:  0    Dex: 21    Spells: 2/6 levels left
                                        Lives:  0   Deaths: 0

rFire    . . .     SeeInvis +     - Unarmed
rCold    . . .     Gourm    .   (shield unavailable)
rNeg     . . .     Faith    .   (armour unavailable)
rPois    x         Spirit   .   (helmet unavailable)
rElec    .         Reflect  .   (cloak unavailable)
rCorr    .         Harm     .   (gloves unavailable)
MR       .....                  (boots unavailable)
Stlth    ++........             (no amulet)
HPRegen  0.05/turn              (no ring)
MPRegen  0.10/turn              (no ring)

@: spider-form
A: tiny, no armour, no weapons or thrown items, stealth, see invisible,
carnivore, slow metabolism 1
a: End Transformation


You were on level 2 of the Dungeon.
You were completely stuffed.
You were a venomous arachnid creature.
You visited 1 branch of the dungeon, and saw 2 of its levels.

You collected 39 gold pieces.

Inventory:

Missiles
 a - 12 arrows
Scrolls
 b - 5 scrolls of identify {unknown}
 d - a scroll of teleportation {unknown}
 e - a scroll of remove curse {unknown}
 f - a scroll of random uselessness {unknown}
 i - a scroll of fog {unknown}
Potions
 g - a potion of resistance {unknown}
Comestibles
 c - 2 rations
 h - 2 chunks of flesh


   Skills:
 + Level 1.4 Fighting
 + Level 3.2 Dodging
 + Level 1.6 Stealth
 + Level 3.2 Unarmed Combat
 + Level 2.2 Spellcasting
 + Level 2.7 Transmutations
 + Level 0.0 Poison Magic


You had 2 spell levels left.
You knew the following spells:

 Your Spells              Type           Power        Failure   Level  Hunger
a - Beastly Appendage     Tmut           #.....       21%         1    #......
s - Spider Form           Tmut/Pois      #.........   58%         3    ###....

Your spell library contained the following spells:

 Spells                   Type           Power        Failure   Level  Hunger
 Sticks to Snakes         Tmut           #.......     26%         2    ###....
 Ice Form                 Ice/Tmut       #.......     91%         4    #####..
 Blade Hands              Tmut           #.........   97%         5    ######.


Dungeon Overview and Level Annotations

Branches:
Dungeon (2/15)

Altars:


Innate Abilities, Weirdness & Mutations

You cannot wear armour.
You are incapable of wielding weapons or throwing items.
Your paws allow you to move quietly. (Stealth)
((You have sharp claws.))
((You have razor-sharp teeth.))
You have supernaturally acute eyesight. (SInv)
You are carnivorous and can eat meat at any time.
((You cover ground quickly.))
((You are covered in fur. (AC +1)))
You have a slow metabolism.
((Your sharp claws are effective at attacking unaware monsters.))


Message History

Found 6 gold pieces.
You see here a frilled lizard corpse.
You hit the rat.
You kill the rat!
You see here a rat corpse.
You hit the worm but do no damage.
The worm is poisoned.
The worm bites you but does no damage.
You hit the worm but do no damage. You hit the worm but do no damage.
Your transformation has ended.
A bat comes into view.
The worm bites you.
Casting: Spider Form (slightly dangerous; 36% risk of failure)
Confirm with . or Enter, or press ? or * to list all spells.
You turn into a venomous arachnid creature.
You hit the worm.
The worm looks even sicker.
The worm is lightly wounded.
The bat misses you. The worm bites you!
Ouch! That really hurt!
You die...

.............#........
.#.###.#.###........###
...#.###........#
..###.#..........# #..
#.#.########## #. #.#.#
# #.#)# ....##.#†######
...$..bs........
....##w##....... . #.
....... #. ....... ..
....... .. ....... ...
....... #..


You could see a worm and a bat.

Vanquished Creatures
  A gnoll (D:1)
  A dart slug (D:1)
  A ball python (D:1)
  4 bats (D:1)
  2 giant cockroaches (D:1)
  7 hobgoblins
  4 kobolds (D:1)
  4 frilled lizards
  4 goblins
  2 rats
30 creatures vanquished.

Notes
Turn   | Place    | Note
-------+----------+-------------------------------------------
     0 | D:1      | Arixos the Felid Transmuter began the quest for the Orb.
     0 | D:1      | Reached XP level 1. HP: 9/9 MP: 4/4
   254 | D:1      | Reached XP level 2. HP: 5/12 MP: 4/6
   616 | D:1      | Reached skill level 1 in Stealth
  1293 | D:1      | Reached XP level 3. HP: 15/15 MP: 7/7
  1836 | D:1      | Learned a level 3 spell: Spider Form
  1933 | D:2      | Slain by a worm

Levels and vault maps discovered:
D:1:      moated_graveyard_arrival, layout_basic
D:2:      layout_basic, makhleb_heckhound_becter, kennysheep_generic_room_15

Skill      XL: |  1  2 |
---------------+-------+-----
Dodging        | 3 |  3.2
Stealth        | 1 |  1.6
Fighting       | |  1.4
Unarmed Combat | |  3.2
Spellcasting   | |  2.2
Transmutations | |  2.7

Action                   || total
-------------------------++-------
Melee: Unarmed           ||    93
       Headbutt          ||    10
       Bite              ||     6
       Punch             ||     2
 Cast: Beastly Appendage ||    16
       Spider Form       ||     2
 Stab: Sleeping          ||     4
  Eat: Chunk             ||    10
Armor: Skin              ||     6
Dodge: Dodged            ||    92

Table legend:
 A = Non-vault XP
 B = Vault XP
 C = Vault XP percentage of total XP
 D = Non-vault monster count
 E = Vault monster count
 F = Vault count percentage of total count
                 A         B        C        D         E       F
            +---------+---------+-------+---------+---------+-------
      Total |      64 |       0 |   0.0 |      30 |       0 |   0.0
            +---------+---------+-------+---------+---------+-------
        D:1 |      58 |       0 |   0.0 |      26 |       0 |   0.0
        D:2 |       6 |       0 |   0.0 |       4 |       0 |   0.0
            +---------+---------+-------+---------+---------+-------
